cohdb
Replays
Latest Replays
All Replays
Popular Replays
Top Player Replays
Match Explorer
How It Works
Community
CoH3 Stats
Reddit
Sign in to upload your games and track your stats! →
Sign in with Steam
Match 37454960
Unlisted
Match 37454960
Overview
Messages
Build Orders
End
Kettenkrad Recon Vehicle
Construct Infanterie Kompanie
Selects Mechanized Battlegroup
Selects Mechanized Battlegroup
Selects Mechanized Battlegroup
Grenadier Squad
MG 42 Machine Gun Team
Grenadier Squad
Construct Luftwaffe Kompanie
Flak 30 Anti-aircraft Gun Team
Medical Station
Selects Raid Package
Jäger Squad
221 Scout Car
Selects 8 Rad Armored Car
Jäger Squad
Jäger Squad
Construct Panzer Kompanie
Selects UNKNOWN (2160084)
Selects Mobile Repair Stations
Panther Heavy Tank
sharpshooter
zzzzzzzzz
aSIISpanky
aSIIDemolitionHammer
0
0
Comments
sign in to comment!
No comments posted yet!